 Dungeon Sprint DCSS version 0.22-a0-619-ga0c6fd2 (webtiles) character file.

192 TheOrbIsALie the Spear-Bearer (level 5, 0/73 HPs)
             Began as a Merfolk Berserker on July 14, 2018.
             Was an Elder of Trog.
             Slain by a hell rat (16 damage)
             ... summoned by a deep elf mage
             ... in the Dungeon (Sprint III: "The Ten Rune Challenge").
             The game lasted 00:01:07 (258 turns).

TheOrbIsALie the Spear-Bearer (Merfolk Berserker)    Turns: 258, Time: 00:01:07

Health: 0/73       AC:  5    Str: 23    XL:     5   Next: 71%
Magic:  5/5        EV: 13    Int:  6    God:    Trog [****..]
Gold:   37         SH:  0    Dex: 14    Spells: 4/4 levels left

rFire    . . .     SeeInvis .   a - +0 spear
rCold    . . .     Gourm    .   (no shield)
rNeg     . . .     Faith    .   k - +0 ring mail
rPois    .         Spirit   .   (no helmet)
rElec    .         Reflect  .   (no cloak)
rCorr    .         Harm     .   (no gloves)
MR       .....     NoTele   +   (no boots)
Stlth    ..........             (no amulet)
HPRegen  0.22/turn              (no ring)
MPRegen  0.09/turn              (no ring)

@: berserking, drained, very quick
A: change form in water, swift swim, stealthy swim
a: Berserk, Trog's Hand, Brothers in Arms, Renounce Religion


You were in the Dungeon.
You worshipped Trog.
Trog was greatly pleased with you.
You were not hungry.

You visited 1 branch You collected 37 gold pieces.

Inventory:

Hand Weapons
 a - a +0 spear (weapon)
Armour
 b - a +0 animal skin
 k - a +0 ring mail (worn)
Scrolls
 i - a scroll of blinking
 m - a scroll of torment {unknown}
 n - 2 scrolls of identify {unknown}
 o - a scroll of enchant armour {unknown}
 q - a scroll of holy word {unknown}
 r - 2 scrolls of remove curse
Potions
 d - a potion of curing
 e - a potion of heal wounds
 f - 2 potions of haste
 g - 2 potions of magic
 h - a potion of berserk rage
 l - 3 potions of mutation {unknown}
 p - a potion of agility {unknown}
 s - 2 potions of flight
Comestibles
 c - 3 rations


   Skills:
 + Level 7.8(7.1) Fighting
 + Level 11.2(10.4) Polearms
 + Level 3.2(2.6) Armour
 + Level 5.0(4.4) Dodging
 + Level 1.6(1.0) Stealth


You had 4 spell levels left.
You didn't know any spells.
Your spell library was empty.

Dungeon Overview and Level Annotations

Branches:
Dungeon (1/1)

Altars:
Elyvilon
Kikubaaqudgha
Sif Muna
Vehumet
Zin
The Shining One


Message History

The deep elf mage is moderately wounded.
You puncture the deep elf mage!
The deep elf mage is heavily wounded.
The hell rat bites you!
The deep elf mage hits you with a long sword of holy wrath.
You closely miss the deep elf mage.
The deep elf mage is heavily wounded.
The hell rat bites you!
You feel drained.
A red film seems to cover your vision as you go berserk!
You feel yourself moving faster!
You feel mighty!
You feel quite a bit more hungry.
The deep elf mage hits you with a long sword of holy wrath!
The hell rat bites you!
* * * LOW HITPOINT WARNING * * *
You feel drained.
* * * LOW HITPOINT WARNING * * *
You puncture the deep elf mage!
The deep elf mage is severely wounded.
The hell rat bites you!
You die...

▓▓▓▓ ▓▓▓ ...#### ##.#####
......#####..#__r#
....[..#..#..#.er#
#.##...#..#..###@#+###+##
#.###..##'#..#..........#
##.##..###...'.⌠........#
..##..####...#...######+#
..##..###....#.⌠.#
.##...##.....#)..#
##....#†.....#'###
##..##.#.....#):.# #..
####....#___#


You could see a deep elf mage and 2 hell rats.

Vanquished Creatures
  A water elemental (D)
  A scorpion (D)
  A wizard (D)
  Jessica (D)
  A human (D)
  A kobold demonologist (D)
  3 rats (D)
9 creatures vanquished.

Vanquished Creatures (others)
  2 draconian scorchers (D)
  6 hellions (D)
8 creatures vanquished.

Grand Total: 17 creatures vanquished

Notes
Turn   | Place    | Note
-------+----------+-------------------------------------------
     0 | D        | TheOrbIsALie the Merfolk Berserker began the quest for the Orb.
     0 | D        | Reached XP level 1. HP: 18/18 MP: 1/1
    25 | D        | Noticed Jessica
    30 | D        | Killed Jessica
    30 | D        | Reached ** piety under Trog
    30 | D        | Reached skill level 5 in Fighting
    30 | D        | Reached skill level 7 in Polearms
    30 | D        | Reached XP level 2. HP: 22/27 MP: 2/2
    30 | D        | Reached XP level 3. HP: 27/33 MP: 3/3
    90 | D        | Noticed a scorpion
   108 | D        | Killed a scorpion
   108 | D        | Reached *** piety under Trog
   108 | D        | Reached skill level 9 in Polearms
   108 | D        | Reached skill level 1 in Stealth
   108 | D        | Reached XP level 4. HP: 41/41 MP: 4/4
   114 | D        | Killed a hellion
   114 | D        | Killed a hellion
   114 | D        | Killed a hellion
   140 | D        | Killed a hellion
   141 | D        | Killed a hellion
   148 | D        | Noticed a water elemental
   154 | D        | Killed a water elemental
   154 | D        | Reached skill level 10 in Polearms
   154 | D        | Reached XP level 5. HP: 48/48 MP: 5/5
   163 | D        | Killed a white draconian scorcher
   170 | D        | Killed a white draconian scorcher
   206 | D        | Found a radiant altar of Vehumet.
   207 | D        | Found a deep blue altar of Sif Muna.
   207 | D        | Found an ancient bone altar of Kikubaaqudgha.
   213 | D        | Reached **** piety under Trog
   213 | D        | Reached skill level 11 in Polearms
   213 | D        | Reached skill level 5 in Dodging
   217 | D        | Killed a hellion
   247 | D        | Found a glowing silver altar of Zin.
   247 | D        | Found a glowing golden altar of the Shining One.
   247 | D        | Found a white marble altar of Elyvilon.
   247 | D        | Noticed a deep elf mage
   258 | D        | Slain by a hell rat

Vault maps used:
D:        dungeon_sprint_mu

Skill      XL: |  1  2  3  4  5 |
---------------+----------------+-----
Fighting       | 5 6 7 |  7.8
Polearms       | 7 9 10 11 | 11.2
Dodging        | 3 4 5 |  5.0
Armour         | 2 3 |  3.2
Stealth        | 1 |  1.6

Action                   |  1- 3 |  4- 6 || total
-------------------------+-------+-------++-------
Melee: Spear             |    26 |    19 ||    45
Invok: Berserk           |     1 |     3 ||     4
 Stab: Sleeping          |     1 |       ||     1
  Eat: Chunk             |       |     1 ||     1
Armor: Ring mail         |     3 |       ||     3
Dodge: Dodged            |     4 |     4 ||     8

Table legend:
 A = Spawn XP
 B = Non-spawn XP
 C = Spawn XP percentage of total XP
 D = Spawn monster count
 E = Non-spawn monster count
 F = Spawn count percentage of total count
 G = Total turns spent on level
                    A         B        C        D         E        F      G
               +---------+---------+-------+---------+---------+-------+---------
         Total |       0 |     275 |   0.0 |       0 |       9 |   0.0 |   258
               +---------+---------+-------+---------+---------+-------+---------
             D |       0 |     275 |   0.0 |       0 |       9 |   0.0 |   258
               +---------+---------+-------+---------+---------+-------+---------
